 Dungeon Crawl Stone Soup version 0.29.1-13-g9f3cf754e1 (webtiles) character file.

Game seed: 10816568062427657926

46 dragongeneral the Caller (level 3, -5/19 HPs)
             Began as a Deep Elf Summoner on Jan 31, 2023.
             Was an Initiate of Yredelemnul.
             Killed from afar by an orc wizard (7 damage)
             ... with a puff of flame
             ... on level 3 of the Dungeon.
             The game lasted 00:21:32 (1107 turns).

dragongeneral the Caller (Deep Elf Summoner)        Turns: 1107, Time: 00:21:33

Health: -5/19      AC:  2    Str:  5    XL:     3   Next: 46%
Magic:  7/10       EV: 13    Int: 21    God:    Yredelemnul [......]
Gold:   56         SH:  0    Dex: 15    Spells: 8/9 levels left

rFire   . . .      SeeInvis .   h - +0 war axe
rCold   . . .      Faith    .   (no shield)
rNeg    . . .      Spirit   .   a - +0 robe
rPois   .          Reflect  .   (no helmet)
rElec   .          Harm     .   (no cloak)
rCorr   .          Rampage  .   (no gloves)
Will    .....                   (no boots)
Stlth   +.........              (no amulet)
HPRegen 0.06/turn               (no ring)
MPRegen 0.12/turn               (no ring)

@: confused
A: no striking features
a: Renounce Religion, Recall Undead Harvest


You were on level 3 of the Dungeon.
You worshipped Yredelemnul.
Yredelemnul was noncommittal.
You visited 1 branch of the dungeon, and saw 3 of its levels.

You collected 56 gold pieces.

Inventory:

Hand Weapons
 h - a +0 war axe (weapon)
Armour
 a - a +0 robe (worn)
Scrolls
 c - a scroll of immolation {unknown}
 d - a scroll of teleportation {unknown}
Potions
 b - a potion of magic
 e - a potion of berserk rage {unknown}
 f - 2 potions of curing {unknown}
 g - a potion of resistance {unknown}


   Skills:
 + Level 0.1 Axes
 + Level 2.8 Dodging
 + Level 3.0 Stealth
 + Level 0.1 Unarmed Combat
 + Level 3.5 Spellcasting
 + Level 5.0 Summonings


You had 8 spell levels left.
You knew the following spells:

 Your Spells              Type           Power      Damage    Failure   Level
a - Summon Small Mammal   Summ           100%       N/A       1%          1

Your spell library contained the following spells:

 Spells                   Type           Power      Damage    Failure   Level
 Call Imp                 Summ           25%        N/A       2%          2
 Call Canine Familiar     Summ           25%        N/A       4%          3
 Summon Guardian Golem    Hex/Summ       14%        N/A       13%         3
 Stone Arrow              Conj/Erth      6%         3d7       36%         3
 Animate Armour           Summ/Erth      28%        N/A       41%         4
 Summon Lightning Spire   Summ/Air       14%        N/A       41%         4
 Lehudib's Crystal Spear  Conj/Erth      1%         10d2      100%        8


Dungeon Overview and Level Annotations

Branches:
Dungeon (3/15)

Altars:
Yredelemnul


Message History

You are very lightly contaminated with residual magic.
Nothing appears to happen.
Casting: Summon Small Mammal (safe; 1% risk of failure)
Confirm with . or Enter, or press ? or * to list all spells.
Something hits your rat. Something hits you.
* * * LOW HITPOINT WARNING * * *
Your rat barely misses something.
You swap places.
An orc wizard appears from thin air!
Reactivating autopickup.
Something completely misses your rat. The orc wizard barely misses you.
Your rat bites the orc wizard.
Your rat barely misses the orc wizard.
The orc wizard attacks as you move away!
The orc wizard closely misses you.
Your rat closely misses the orc wizard.
You closely miss the orc wizard.
The orc wizard is moderately wounded.
Something hits your rat.
Your rat dies!
Your rat's corpse disappears in a puff of smoke!
The orc wizard gestures wildly while chanting.
The orc wizard flickers and vanishes!
Deactivating autopickup; reactivate with Ctrl-A.
Your rat closely misses something.
Something hits you but does no damage.
Your magical contamination has completely faded away.
Your rat misses something. The orc completely misses your rat.
You hear some strange, mumbled words.
You are confused.
You bump into the rock wall.
Your rat barely misses something.
The orc hits your rat with a +0 falchion.
Your rat dies!
Your rat's corpse disappears in a puff of smoke!
You're too confused to cast spells.
Something hits you.
* * * LOW HITPOINT WARNING * * *
You bump into the rock wall.
You hear some strange, mumbled words.
A puff of flame appears from out of thin air!
The puff of flame hits you!
You die...
Your body rises from the dead as a mindless zombie.

.# ###.# #.#.# . #...#
#.#Z# #.#.### #.#Z#
#.#.######)#.#
#..........#.##
###.#####..#..? #.#
#..####
#.#######.#####....#
#...@{o.#.b......#.##
#.#######.#######.##.#.
#.....)........<.....#.
#########.#..##.#..#...
#<#..##.#..#.##
###.....#....#
#.#####.#### #...ZZ..#
#########


You could see an orc.

Vanquished Creatures
  An orc (D:3)
  A ball python (D:3)
  An endoplasm (D:2)
  2 goblins (D:3)
  2 jackals (D:1)
  A quokka (D:1)
  A bat (D:3)
  A rat (D:1)
10 creatures vanquished.

Vanquished Creatures (collateral kills)
  A dart slug (D:1)
  2 orcs (D:3)
  4 endoplasms
  A giant cockroach (D:1)
  A goblin (D:1)
  A hobgoblin (D:1)
  8 jackals (D:1)
  2 ball pythons (D:1)
  3 bats
  A frilled lizard (D:1)
  A rat (D:1)
25 creatures vanquished.

Vanquished Creatures (others)
  3 bat zombies (D:3)
  An endoplasm zombie (D:3)
  A goblin zombie (D:3)
  3 orc zombies (D:3)
8 creatures vanquished.

Grand Total: 43 creatures vanquished

Notes
Turn   | Place    | Note
-------+----------+-------------------------------------------
     0 | D:1      | dragongeneral the Deep Elf Summoner began the quest for the
                  | Orb.
     0 | D:1      | Reached XP level 1. HP: 10/10 MP: 6/6
    63 | D:1      | Reached XP level 2. HP: 11/15 MP: 6/8
   582 | D:1      | Reached XP level 3. HP: 15/19 MP: 7/9
   592 | D:1      | Found a faded altar of an unknown god.
   600 | D:1      | Prayed at the altar of an unknown god.
   600 | D:1      | Became a worshipper of Yredelemnul the Dark
   600 | D:1      | Reached * piety under Yredelemnul
   942 | D:3      | Reached skill level 5 in Summonings
  1107 | D:3      | Killed from afar by an orc wizard

Illustrated notes

Levels and vault maps discovered:
D:1:      tarquinn_simple_flora_water_b, layout_loops_ring,
          shapermc_ecumenical_altar_petra
D:2:      layout_basic
D:3:      layout_basic, mainiacjoe_overflow_six_doors_small,
          gammafunk_ghost_grave, uniq_natasha

Skill      XL: |  1  2  3 |
---------------+----------+-----
Stealth        | 3 |  3.0
Summonings     | 5 |  5.0
Axes           | |  0.1
Dodging        | |  2.8
Unarmed Combat | |  0.1
Spellcasting   | |  3.5

Action                   || total
-------------------------++-------
Melee: Unarmed           ||    17
       War axe           ||    32
       Punch             ||     2
 Cast: Summon Small Mamm ||    35
  Use: Scroll            ||     3
 Stab: Distracted        ||     1
       Sleeping          ||     3
Armor: Robe              ||    21
Dodge: Dodged            ||    81
